 Dungeon Crawl Stone Soup version 0.20.1-1-g8b1a95d (webtiles) character file.

358 digijack the Cudgeler (level 6, -3/37 HPs)
             Began as a Tengu Wanderer on Jan 3, 2018.
             Slain by an elf zombie (5 damage)
             ... in an ossuary on Jan 4, 2018.
             The game lasted 00:23:35 (2736 turns).

digijack the Cudgeler (Tengu Wanderer)              Turns: 2736, Time: 00:23:36

Health: -3/37      AC:  7    Str: 11    XL:     6   Next: 64%
Magic:  7/7        EV: 10    Int: 15    God:
Gold:   110        SH:  0    Dex: 16    Spells: 5/5 levels left

rFire    . . .     SeeInvis .   c - +1 mace
rCold    . . .     Gourm    .   (no shield)
rNeg     . . .     Faith    .   b - +0 ring mail
rPois    +         Spirit   .   (helmet restricted)
rElec    .         Reflect  .   (no cloak)
rCorr    .         Harm     .   (no gloves)
MR       .....                  (boots unavailable)
Stlth    +.........             l - amulet of rage
Regen    0.2/turn               k - ring of poison resistance
MPRegen  0.1/turn               (no ring)

@: no status effects
A: beak, talons 3, icy blue scales 1, agile 1, screaming 1, no potion heal 1,
able to fly 1
a: Fly, Evoke Berserk Rage


You were in an ossuary.
You were not hungry.

You visited 1 branch of the dungeon, and saw 4 of its levels.
You also visited: Ossuary.

You collected 110 gold pieces.

Inventory:

Hand Weapons
 c - a +1 mace (weapon)
Armour
 b - a +0 ring mail (worn)
Jewellery
 k - a ring of poison resistance (left hand)
 l - an amulet of rage (around neck)
 m - an uncursed amulet of faith
Scrolls
 e - 4 scrolls of identify
 f - 2 scrolls of remove curse
 g - a scroll of teleportation
Potions
 i - 2 potions of agility
Comestibles
 a - a royal jelly
 d - a bread ration
 h - 2 meat rations
 j - 3 chunks of flesh


   Skills:
 + Level 3.4 Fighting
 + Level 4.8 Maces & Flails
 + Level 3.1 Throwing
 + Level 3.1 Armour
 + Level 1.3 Dodging
   Level 1.0 Shields
   Level 2.1 Earth Magic


You had 5 spell levels left.
You didn't know any spells.

Dungeon Overview and Level Annotations

Branches:
Dungeon (4/15)
 Temple: D:4-7

Altars:
Kikubaaqudgha


Innate Abilities, Weirdness & Mutations

You have a beak for a mouth.
You have claws for feet.
You can fly.
You are partially covered in icy blue scales. (AC +2)
You are agile. (Dex +2)
You occasionally shout uncontrollably at your foes.
Potions are less effective at restoring your health.


Message History

The elf zombie hits you.
* * * LOW HITPOINT WARNING * * *
You barely miss the elf zombie. You claw the elf zombie.
Your peck misses the elf zombie.
The elf zombie is lightly damaged.
The elf zombie hits you but does no damage.
You thump the elf zombie!
The elf zombie is moderately damaged.
The elf zombie hits you.
* * * LOW HITPOINT WARNING * * *
Your ring mail prevents you from hitting the elf zombie.
Your kick misses the elf zombie.
The elf zombie is moderately damaged.
The elf zombie hits you.
* * * LOW HITPOINT WARNING * * *
A hobgoblin zombie comes into view.
You barely miss the elf zombie.
The elf zombie is moderately damaged.
The elf zombie hits you.
You die...

#...# #...#
#...# #...#
#...# #...#
.Z######...#
...........#
..8.....@..#
.......Z...#
...........#
############


You could see a hobgoblin zombie and an elf zombie.

Vanquished Creatures
  The ghost of Agrougrou the Insei, an amateur OpTm (D:3)
  A centaur zombie (Ossuary)
  2 orc wizards (D:3)
  A mummy (Ossuary)
  3 gnolls (D:2)
  4 adders
  A worm (D:3)
  A dart slug (D:3)
  A leopard gecko (D:3)
  2 orcs (D:3)
  3 giant cockroaches
  6 goblins
  9 hobgoblins
  3 jackals (D:1)
  3 quokkas
  A ball python (D:1)
  11 bats
  A frilled lizard (D:2)
  A goblin zombie (Ossuary)
  4 hobgoblin zombies (Ossuary)
  7 kobolds
  7 kobold zombies (Ossuary)
  3 orc zombies (Ossuary)
  8 rats
84 creatures vanquished.

Notes
Turn   | Place    | Note
-------+----------+-------------------------------------------
     0 | D:1      | digijack the Tengu Wanderer began the quest for the Orb.
     0 | D:1      | digijack set off with: a book of Geomancy, a +0 ring mail, a +0 mace, a bread ration
     0 | D:1      | Reached XP level 1. HP: 12/12 MP: 2/2
   202 | D:1      | Reached XP level 2. HP: 16/16 MP: 3/3
   769 | D:1      | Reached XP level 3. HP: 17/20 MP: 4/4
  1078 | D:2      | Gained mutation: You are agile. (Dex +2) [potion of mutation]
  1078 | D:2      | Gained mutation: You occasionally shout uncontrollably at your foes. [potion of mutation]
  1078 | D:2      | Gained mutation: Potions are less effective at restoring your health. [potion of mutation]
  1078 | D:2      | Gained mutation: You are partially covered in icy blue scales. (AC +2) [potion of mutation]
  1337 | D:2      | Reached XP level 4. HP: 26/26 MP: 5/5
  1353 | D:2      | Reached skill level 4 in Maces & Flails
  1734 | D:3      | Noticed Agrougrou's ghost (amateur OpTm)
  1746 | D:3      | Killed Agrougrou's ghost
  1746 | D:3      | Gained mutation: You can fly. [Tengu growth]
  1746 | D:3      | Reached XP level 5. HP: 28/32 MP: 6/6
  1955 | D:3      | Reached XP level 6. HP: 30/37 MP: 7/7
  2451 | D:3      | Found an ancient bone altar of Kikubaaqudgha.
  2537 | D:3      | Reached skill level 1 in Dodging
  2636 | D:4      | Found a sand-covered staircase.
  2643 | Ossuary  | Entered an ossuary
  2735 | Ossuary  | HP: 1/37 [elf zombie (5)]
  2736 | Ossuary  | Slain by an elf zombie

Skill      XL: |  1  2  3  4  5  6 |
---------------+-------------------+-----
Fighting       | 2 3 |  3.4
Throwing       | 2 3 |  3.1
Armour         | 2 3 |  3.1
Maces & Flails | 4 |  4.8
Dodging        | 1 |  1.3
Shields        | |  1.0
Earth Magic    | |  2.1

Action                   |  1- 3 |  4- 6 || total
-------------------------+-------+-------++-------
Melee: Mace              |    82 |   140 ||   222
       Kick              |    13 |    37 ||    50
       Peck              |     9 |    15 ||    24
  Use: Scroll            |     6 |     1 ||     7
       Potion            |     3 |     1 ||     4
  Eat: Chunk             |     1 |     1 ||     2
       Bread ration      |       |     1 ||     1
Armor: Ring mail         |    40 |    51 ||    91
Dodge: Dodged            |    48 |    72 ||   120
